 Dungeon Crawl Stone Soup version 0.22-b1-59-g0aedee7 (webtiles) character file.

114933 poirepourri the Bludgeoner (level 16, -4/106 HPs)
             Began as a Gargoyle Fighter on Aug 9, 2018.
             Was the Champion of Cheibriados.
             Slain by a bone dragon (12 damage)
             ... on level 3 of the Abyss.
             The game lasted 00:32:55 (29098 turns).

poirepourri the Bludgeoner (Gargoyle Fighter)      Turns: 29098, Time: 00:32:56

Health: -4/106     AC: 31    Str: 41      XL:     16   Next: 67%
Magic:  4/12       EV: 24    Int: 23      God:    Cheibriados [******]
Gold:   1160       SH: 22    Dex: 28 (29) Spells: 12/15 levels left

rFire    + . .     SeeInvis .   D - +3 flail (flame)
rCold    + . .     Gourm    .   c - +2 shield
rNeg     + . .     Faith    .   u - +4 scale mail
rPois    ∞         Spirit   .   s - +2 hat {Int+3}
rElec    +         Reflect  +   v - scarf {rC+ rF+}
rCorr    .         Harm     .   h - +0 pair of gloves
MR       +....     Rnd*Rage +   p - +1 pair of boots {Fly}
Stlth    +.........             d - +3 amulet of reflection
HPRegen  0.27/turn              r - +3 ring of protection
MPRegen  0.13/turn              b - +4 ring of strength

@: very slow
A: big wings, [berserk 2], [deterioration 2], [dopey 2], [low mp 2], negative
energy resistance 1, [screaming 3], electricity resistance, unbreathing,
petrification resistance, rot immunity, AC +12
a: Fly, Bend Time, Temporal Distortion, Slouch, Step From Time, Renounce
Religion, Evoke Flight


You were on level 3 of the Abyss.
You worshipped Cheibriados.
Cheibriados was exalted by your worship.
You were not hungry.

You visited 4 branches of the dungeon, and saw 24 of its levels.
You visited the Abyss 1 time.

You collected 1725 gold pieces.
You spent 565 gold pieces at shops.

Inventory:

Hand Weapons
 a - a +1 flail
 e - a +0 flail of protection
 D - a +3 flail of flaming (weapon)
Missiles
 j - 34 tomahawks (quivered)
 n - 112 bolts
 w - 2 throwing nets
 B - 7 javelins
Armour
 c - a +2 shield (worn)
 h - a +0 pair of gloves (worn)
 p - a +1 pair of boots of flying (worn)
 s - a +2 hat of intelligence (worn)
 u - a +4 scale mail (worn)
 v - a scarf of resistance (worn)
Jewellery
 b - a +4 ring of strength (right hand)
 d - a +3 amulet of reflection (around neck)
 q - an uncursed ring of resist corrosion
 r - a +3 ring of protection (left hand)
 t - an uncursed amulet of guardian spirit
Wands
 y - a wand of paralysis (17)
 A - a wand of digging (14)
 G - a wand of flame (29)
Scrolls
 g - a scroll of magic mapping
 l - 12 scrolls of remove curse
Potions
 i - 2 potions of brilliance
 k - a potion of magic
 o - 2 potions of cancellation
Comestibles
 f - 34 rations


   Skills:
 - Level 14.0 Fighting
 + Level 16.4 Maces & Flails
 - Level 5.2 Armour
 - Level 12.3 Dodging
 - Level 15.0 Shields


You had 12 spell levels left.
You knew the following spells:

 Your Spells              Type           Power        Failure   Level  Hunger
a - Blink                 Tloc           N/A          36%         2    ###....
b - Flame Tongue          Conj/Fire      #....        26%         1    ##.....

Your spell library contained the following spells:

 Spells                   Type           Power        Failure   Level  Hunger
 Magic Dart               Conj           #...         26%         1    ##.....
 Fireball                 Conj/Fire      #.........   100%        5    ######.
 Apportation              Tloc           #.....       26%         1    ##.....
 Conjure Flame            Conj/Fire      #.......     61%         3    ####...
 Lightning Bolt           Conj/Air       #.........   100%        5    ######.
 Slow                     Hex            #.......     36%         2    ###....
 Confuse                  Hex            #.......     61%         3    ####...
 Throw Flame              Conj/Fire      #.....       36%         2    ###....
 Mephitic Cloud           Conj/Pois/Air  #.......     61%         3    ####...
 Summon Small Mammal      Summ           #...         26%         1    ##.....
 Animate Skeleton         Necr           N/A          26%         1    ##.....
 Sticky Flame             Conj/Fire      #.......     95%         4    #####..
 Call Imp                 Summ           #.......     36%         2    ###....
 Tukima's Dance           Hex            #.......     61%         3    ####...
 Shock                    Conj/Air       #...         26%         1    ##.....
 Swiftness                Chrm/Air       #.......     36%         2    ###....
 Airstrike                Air            #.........   95%         4    #####..
 Confusing Touch          Hex            #.....       26%         1    ##.....
 Ensorcelled Hibernation  Hex/Ice        #.....       36%         2    ###....
 Static Discharge         Conj/Air       #.......     61%         3    ####...
 Corona                   Hex            #......      26%         1    ##.....
 Inner Flame              Hex/Fire       #.......     61%         3    ####...
 Dazzling Spray           Conj/Hex       #.....       61%         3    ####...


Dungeon Overview and Level Annotations

Branches:
Dungeon (15/15)            Temple (0/1) D:6            Lair (6/6) D:11
 Shoals (0/4) Lair:4        Snake (1/4) Lair:3        Slime (0/5) Lair:5
    Orc (2/2) D:11            Elf (0/3) Orc:2        Vaults (0/5) D:14
 Depths (0/5) D:15

Altars:
Cheibriados
Dithmenos
Fedhas
Gozag
Makhleb
Okawaru
Ru
Sif Muna
Uskayaw
Vehumet
Xom
Yredelemnul
Zin
Beogh
Jiyva

Shops:
D:5 }   D:7 [   D:10 [   D:12 %   D:13 *   Orc:2 *(*!

Annotations:
Snake:1 Louise


Innate Abilities, Weirdness & Mutations

You are resistant to torment.
Your stone body is resilient. (AC +12)
You are immune to poison.
Your large and strong wings let you fly indefinitely.
You resist negative energy. (rN+)
You are resistant to electric shocks. (rElec)
You can survive without breathing.
You are immune to petrification.
You are immune to rotting.
[You often lose your temper in combat.]
[Your body often deteriorates upon taking damage.]
[You are very dopey. (Int -4)]
[Your magical capacity is very low. (-20% MP)]
[You frequently scream uncontrollably at your foes.]


Message History

You hold your ground!
You hit the bone dragon but do no damage.
The bone dragon is severely damaged.
You block the small abomination's attack.
The raiju barely misses you.
You block the large abomination's attack.
Unknown command.
You hit the bone dragon but do no damage.
The bone dragon is severely damaged.
You block the small abomination's attack.
The bone dragon bites you but does no damage.
You block the bone dragon's attack. The bone dragon barely misses you.
Unknown command.
You hit the bone dragon but do no damage.
The bone dragon is severely damaged.
The raiju completely misses you.
The small abomination closely misses you.
The large abomination completely misses you.
The bone dragon bites you!
You die...

. ..# .
#....#
....#
##....#
.....#.
####......
# #
#..x#..#.#
∩ ∩
###h@DW..#
. . .# .
#X##h..#
## # .#.#.
##...# .#
.... #.
...# . . .
. #.. .#
.. ..
#....# .
...###.# #
. ...# #.
..


You could see a bone dragon, a large abomination, a hungry ghost, 2 raiju and a
small abomination.

Vanquished Creatures
  Gastronok (Lair:3)
  A tentacled starspawn (Abyss:3)
  A tengu reaver (D:12)
  The ghost of Louceudd the Markscentaur, a journeyman CeHu of Okawaru (Lair:4)
  A stone giant (D:12)
  Azrael (D:14)
  An ettin (Orc:2)
  A fire dragon (Lair:6)
  A vault guard (D:14)
  A rakshasa (Abyss:3)
  An ice dragon (D:12)
  13 two-headed ogres
  9 hydras
  2 catoblepae (Lair:6)
  A centaur warrior (D:15)
  An ogre mage (D:15)
  5 orc high priests (Orc:2)
  Urug (D:10)
  A wretched star (Abyss:3)
  2 shadow wraiths
  2 unseen horrors
  A swamp dragon (Lair:6)
  A lindwurm (Lair:6)
  A wizard (D:15)
  Pikel (D:7)
  An orb spider (Abyss:3)
  9 orc knights
  A necromancer (D:15)
  8 ugly things
  The ghost of Ymberto the Thaumaturge, a novice DEFE of Sif Muna (D:8)
  2 oklob plants (D:11)
  2 deep elf magi
  4 orc sorcerers
  A cyclops (D:15)
  3 manticores
  A salamander (Snake:1)
  3 elephants (Lair:5)
  2 merfolk sirens (Lair:4)
  Maurice (D:10)
  15 black mambas
  2 naga magi
  Joseph (D:10)
  A smoke demon (Abyss:3)
  3 gargoyles
  13 spiny frogs
  6 rime drakes
  14 komodo dragons
  An efreet (D:14)
  A redback zombie (D:15)
  A freezing wraith (D:14)
  8 trolls
  6 polar bears
  2 merfolk (Lair:4)
  An ancient zyme (Abyss:3)
  2 hornets
  A jumping spider (shapeshifter) (D:14)
  A queen bee (D:14)
  Prince Ribbit (D:7)
  3 meliai (D:14)
  8 blink frogs
  6 slime creatures
  2 dream sheep (D:9)
  A harpy skeleton (D:15)
  12 hippogriffs
  5 raiju (Abyss:3)
  A meliai zombie (D:15)
  2 wraiths
  A centaur simulacrum (D:15)
  A shadow (D:15)
  3 spriggans (Lair:4)
  2 water elementals (D:14)
  4 wyverns
  A vampire (D:13)
  5 basilisks
  54 yaks
  2 large abominations (Abyss:3)
  2 fire elementals (D:14)
  5 vampire mosquitoes
  A hungry ghost (D:9)
  4 wargs
  Menkaure (D:7)
  3 acid dragons
  A soldier ant (D:11)
  14 water moccasins
  7 porcupines
  2 hell hounds (D:14)
  32 orc warriors
  A necrophage (D:9)
  6 sky beasts
  3 ice beasts
  3 swamp drakes (Lair:6)
  2 black bears
  A phantom (D:12)
  11 ogres
  12 wolves
  A boggart (Lair:3)
  9 crocodiles
  13 centaurs
  7 big kobolds
  23 bullfrogs
  2 gnoll sergeants
  3 scorpions
  26 killer bees
  11 wights
  3 electric eels
  5 howler monkeys
  8 centaur zombies
  10 crimson imps
  A bullfrog zombie (D:10)
  A quasit (D:8)
  9 hounds
  35 orc priests
  5 bullfrog skeletons
  3 jellies
  4 centaur skeletons
  An iron imp (Abyss:3)
  Ijyb (D:4)
  8 iguanas
  15 worker ants
  Natasha (thrice) (D:2)
  27 orc wizards
  A bullfrog simulacrum (D:12)
  A hound skeleton (D:5)
  A hound zombie (D:5)
  2 worker ant zombies
  Robin (D:4)
  19 adders
  12 gnolls
  A howler monkey skeleton (D:4)
  6 shadow imps
  3 white imps (D:12)
  An ooze (D:5)
  An adder skeleton (D:7)
  An adder zombie (D:7)
  3 worms
  4 dart slugs
  4 leopard geckos
  111 orcs
  6 bats
  6 giant cockroaches
  11 goblins
  11 hobgoblins
  19 jackals
  27 kobolds
  4 quokkas
  A ball python (D:1)
  2 frilled lizards
  3 leopard gecko skeletons
  2 quokka skeletons
  A quokka zombie (D:8)
  8 rats
  2 plants (D:11)
  3 starspawn tentacles (Abyss:3)
907 creatures vanquished.

Vanquished Creatures (collateral kills)
  An orc priest (D:8)
  A gnoll (D:8)
  An orc (D:8)
3 creatures vanquished.

Vanquished Creatures (others)
  2 centaur warriors
  An orc knight (Orc:2)
  A steam dragon (Lair:6)
  An ogre (D:8)
  2 centaurs
  An iguana (Lair:6)
  An orc (D:15)
  10 fungi
  19 plants
  3 starspawn tentacles (Abyss:3)
41 creatures vanquished.

Grand Total: 951 creatures vanquished

Notes
Turn   | Place    | Note
-------+----------+-------------------------------------------
     0 | D:1      | poirepourri the Gargoyle Fighter began the quest for the Orb.
     0 | D:1      | Reached XP level 1. HP: 14/14 MP: 1/1
   264 | D:1      | Reached XP level 2. HP: 19/19 MP: 2/2
   399 | D:1      | Reached skill level 3 in Maces & Flails
   500 | D:1      | Reached XP level 3. HP: 20/23 MP: 3/3
  1050 | D:2      | Reached skill level 4 in Maces & Flails
  1091 | D:2      | Noticed Natasha
  1096 | D:2      | Killed Natasha
  1096 | D:2      | Reached XP level 4. HP: 15/28 MP: 4/4
  1603 | D:2      | Found a sacrificial altar of Ru.
  1603 | D:2      | Noticed Natasha
  1609 | D:2      | Killed Natasha
  1609 | D:2      | Reached skill level 5 in Maces & Flails
  1609 | D:2      | Reached XP level 5. HP: 25/32 MP: 5/5
  1852 | D:2      | Noticed Natasha
  1864 | D:2      | Killed Natasha
  2676 | D:3      | Found a faded altar of an unknown god.
  2796 | D:3      | Found a basalt altar of Yredelemnul.
  3066 | D:3      | Found an iron altar of Okawaru.
  3111 | D:4      | Reached skill level 6 in Maces & Flails
  3111 | D:4      | Reached XP level 6. HP: 28/37 MP: 6/6
  3313 | D:4      | Noticed Robin
  3326 | D:4      | Killed Robin
  3578 | D:4      | Reached skill level 7 in Maces & Flails
  3580 | D:4      | Noticed Ijyb
  3617 | D:4      | Killed Ijyb
  3633 | D:4      | Reached XP level 7. HP: 39/41 MP: 7/7
  3676 | D:4      | Found a radiant altar of Vehumet.
  3987 | D:5      | Entered Level 5 of the Dungeon
  4130 | D:5      | Found Ucvi's Gadget Shoppe.
  4170 | D:5      | Reached skill level 8 in Maces & Flails
  4274 | D:5      | Found a snail-covered altar of Cheibriados.
  4280 | D:5      | Became a worshipper of Cheibriados the Contemplative
  4676 | D:5      | Reached * piety under Cheibriados
  4685 | D:5      | Reached skill level 9 in Maces & Flails
  4685 | D:5      | Reached XP level 8. HP: 35/46 MP: 8/8
  5105 | D:6      | Noticed an angel
  5106 | D:6      | Found a glowing silver altar of Zin.
  5106 | D:6      | Found a shimmering altar of Xom.
  5238 | D:6      | Reached skill level 10 in Maces & Flails
  5507 | D:6      | Found a staircase to the Ecumenical Temple.
  5596 | D:6      | Reached ** piety under Cheibriados
  5827 | D:7      | Noticed Prince Ribbit
  5837 | D:7      | Killed Prince Ribbit
  5837 | D:7      | Reached skill level 11 in Maces & Flails
  5972 | D:7      | Reached XP level 9. HP: 42/51 MP: 9/9
  6098 | D:7      | Noticed Pikel
  6125 | D:7      | Killed Pikel
  6125 | D:7      | Reached skill level 12 in Maces & Flails
  6149 | D:7      | Found Bifyer's Antique Armour Shoppe.
  6204 | D:7      | Found a deep blue altar of Sif Muna.
  6213 | D:7      | Found a burning altar of Makhleb.
  6291 | D:7      | Noticed Menkaure
  6297 | D:7      | Killed Menkaure
  6710 | D:8      | Found a runed gate.
  6710 | D:8      | Found a runed gate.
  6710 | D:8      | Found a runed gate.
  6710 | D:8      | Found an opulent altar of Gozag.
  6731 | D:8      | Reached skill level 5 in Fighting
  6754 | D:8      | Reached *** piety under Cheibriados
  7101 | D:8      | You fall through a shaft for 2 floors!
  7101 | D:10     | Entered Level 10 of the Dungeon
  7225 | D:10     | Reached XP level 10. HP: 62/64 MP: 10/10
  7307 | D:10     | Noticed a gargoyle
  7323 | D:10     | Killed a gargoyle
  7505 | D:10     | Noticed Urug
  7506 | D:10     | Found Iliqekh's Antique Armour Shoppe.
  7537 | D:10     | Killed Urug
  7543 | D:10     | Bought a pair of glowing boots for 195 gold pieces
  7630 | D:10     | Noticed a two-headed ogre
  7646 | D:10     | Killed a two-headed ogre
  8189 | D:9      | Reached **** piety under Cheibriados
  8618 | D:8      | Found a blossoming altar of Fedhas.
  8791 | D:8      | Found a shadowy altar of Dithmenos.
  8791 | D:8      | Found a hide-covered altar of Uskayaw.
  8977 | D:8      | Noticed Ymberto's ghost (novice DEFE)
  8989 | D:8      | Killed Ymberto's ghost
  8989 | D:8      | Reached XP level 11. HP: 68/68 MP: 11/11
  9095 | D:9      | Reached skill level 10 in Shields
  9474 | D:9      | Reached ***** piety under Cheibriados
  9685 | D:9      | Noticed a three-headed hydra
  9702 | D:9      | Killed a three-headed hydra
 10039 | D:10     | Noticed a two-headed ogre
 10051 | D:10     | Noticed Joseph
 10052 | D:10     | Killed a two-headed ogre
 10068 | D:10     | Killed Joseph
 10675 | D:10     | Noticed Maurice
 11309 | D:10     | Killed Maurice
 11618 | D:11     | Noticed a manticore
 11628 | D:11     | Killed a manticore
 11628 | D:11     | Reached XP level 12. HP: 46/73 MP: 12/12
 12185 | D:11     | Reached ****** piety under Cheibriados
 12477 | D:11     | Found a staircase to the Orcish Mines.
 12731 | D:11     | Reached skill level 15 in Shields
 12816 | D:11     | Found a staircase to the Lair.
 13003 | D:12     | Reached skill level 1 in Dodging
 13152 | D:12     | Found Laediaf's Food Boutique.
 13153 | D:12     | Noticed a two-headed ogre
 13166 | D:12     | Killed a two-headed ogre
 13822 | D:11     | HP: 1/73 [acid (6)]
 14170 | Lair:1   | Entered Level 1 of the Lair of Beasts
 14322 | Lair:1   | Reached skill level 5 in Dodging
 14664 | Lair:1   | Reached skill level 5 in Armour
 14863 | Lair:2   | Noticed a six-headed hydra
 14863 | Lair:2   | Noticed a six-headed hydra
 14877 | Lair:2   | Killed a six-headed hydra
 14877 | Lair:2   | Reached XP level 13. HP: 47/80 MP: 8/13
 15413 | Lair:2   | Reached skill level 10 in Fighting
 16286 | Lair:3   | Noticed Gastronok
 16307 | Lair:3   | Killed Gastronok
 16307 | Lair:3   | Reached skill level 13 in Maces & Flails
 16512 | Lair:3   | Learned a level 2 spell: Blink
 16514 | Lair:3   | Learned a level 1 spell: Flame Tongue
 17048 | Lair:3   | Found a staircase to the Snake Pit.
 17527 | Lair:4   | Reached skill level 14 in Maces & Flails
 17568 | Lair:4   | Found a staircase to the Shoals.
 18224 | Lair:4   | Found a runed door.
 18224 | Lair:4   | Noticed Louceudd's ghost (journeyman CeHu)
 18847 | Lair:4   | Killed Louceudd's ghost
 18972 | Lair:5   | Reached skill level 15 in Maces & Flails
 18972 | Lair:5   | Gained mutation: Your large and strong wings let you fly indefinitely. [Gargoyle growth]
 18972 | Lair:5   | Reached XP level 14. HP: 88/88 MP: 14/14
 19332 | Lair:4   | Got a warped spear {pierce}
 19448 | Lair:5   | Found a viscous altar of Jiyva.
 19448 | Lair:5   | Found a staircase to the Slime Pits.
 19770 | Lair:5   | Identified the +7 spear of Ambiguity {pierce, rElec Str-3 Int+5} (You took it off a spriggan on level 4 of the Lair of Beasts)
 20304 | Lair:6   | Entered Level 6 of the Lair of Beasts
 21395 | Lair:6   | Reached skill level 10 in Dodging
 22263 | D:12     | Reached XP level 15. HP: 77/92 MP: 15/15
 22385 | D:12     | Noticed a tengu reaver
 22406 | D:12     | Killed a tengu reaver
 22409 | D:12     | Got a clouded lapis lazuli ring
 23070 | D:13     | Found Wefaikeg's Assorted Antiques.
 23090 | D:13     | Bought a potion of curing for 108 gold pieces
 23175 | D:13     | Identified the ring "Zorchi" {*Tele rC++ Str-4 Stlth+} (You took it off a tengu reaver on level 12 of the Dungeon)
 23771 | D:14     | Noticed Azrael
 23789 | D:14     | Killed Azrael
 24596 | D:14     | Found a gate to the Vaults.
 25548 | D:15     | Entered Level 15 of the Dungeon
 25741 | D:14     | Reached XP level 16. HP: 64/104 MP: 16/16
 26203 | D:15     | Found a staircase to the Depths.
 26442 | Orc:1    | Entered Level 1 of the Orcish Mines
 26647 | Orc:2    | Entered Level 2 of the Orcish Mines
 26792 | Orc:2    | Found a staircase to the Elven Halls.
 26895 | Orc:2    | Paralysed by an orc sorcerer for 4 turns
 27788 | Orc:2    | Found Enisajake's Assorted Antiques.
 27788 | Orc:2    | Found Homuk's Distillery.
 27789 | Orc:2    | Found Lesoicsi's Weapon Shoppe.
 27789 | Orc:2    | Found Feadere's General Store.
 27796 | Orc:2    | Bought a scroll labeled PUUBUE IQ TIFU for 21 gold pieces
 27796 | Orc:2    | Bought a scroll labeled QIXIGI RECK for 21 gold pieces
 27796 | Orc:2    | Bought a potion of curing for 63 gold pieces
 27796 | Orc:2    | Bought a scroll of enchant armour for 157 gold pieces
 28251 | Orc:2    | Found a roughly hewn altar of Beogh.
 28417 | Snake:1  | Entered Level 1 of the Snake Pit
 28451 | Snake:1  | Reached skill level 16 in Maces & Flails
 28491 | Snake:1  | Noticed Louise
 28514 | Snake:1  | Cast into level 3 of the Abyss (Louise)
 28583 | Abyss:3  | Noticed a tentacled starspawn
 28603 | Abyss:3  | Killed a tentacled starspawn
 28677 | Abyss:3  | Noticed a profane servitor
 29049 | Abyss:3  | Noticed a bone dragon
 29098 | Abyss:3  | Slain by a bone dragon

Skill      XL: |  1  2  3  4  5  6  7  8  9 10 11 12 13 14 15 16 |
---------------+-------------------------------------------------+-----
Maces & Flails | 3 4 5 6 7 9 11 12 15 16 | 16.4
Fighting       | 8 9 10 13 14 | 14.0
Shields        | 9 13 15 | 15.0
Dodging        | 5 10 12 | 12.3
Armour         | 5 |  5.2

Action                   |  1- 3 |  4- 6 |  7- 9 | 10-12 | 13-15 | 16-18 || total
-------------------------+-------+-------+-------+-------+-------+-------++-------
Melee: Flail             |   103 |   256 |   445 |  1096 |  1650 |   588 ||  4138
       Eveningstar       |       |       |       |     4 |       |       ||     4
Throw: Javelin           |       |       |       |     8 |     5 |       ||    13
       Tomahawk          |       |       |       |       |    13 |    26 ||    39
       Throwing net      |       |       |       |       |     8 |       ||     8
Invok: Bend Time         |       |       |       |     1 |       |       ||     1
       Slouch            |       |       |       |       |     3 |     5 ||     8
       Step From Time    |       |       |       |       |       |     1 ||     1
 Abil: Stop Flying       |       |       |       |     1 |       |       ||     1
Evoke: Wand              |       |       |     2 |    28 |    13 |     9 ||    52
  Use: Scroll            |     6 |     6 |     5 |    13 |    16 |     7 ||    53
       Potion            |       |     2 |     2 |     7 |     4 |     2 ||    17
 Stab: Paralysed         |       |       |       |     2 |     9 |       ||    11
       Confused          |       |       |       |       |     3 |       ||     3
       Petrified         |       |       |       |       |     1 |       ||     1
  Eat: Ration            |     1 |     2 |     2 |     6 |     5 |     2 ||    18
       Chunk             |       |       |       |       |     2 |       ||     2
Armor: Scale mail        |    49 |   170 |   262 |   385 |   417 |   101 ||  1384
       Skin              |       |       |       |     9 |       |       ||     9
Dodge: Dodged            |    20 |    85 |   150 |   321 |   752 |   292 ||  1620
Block: Shield            |    45 |   135 |   253 |   941 |  1545 |   598 ||  3517
       Reflection        |       |       |       |       |    36 |    17 ||    53
